 Dungeon Crawl Stone Soup version 0.30-a0-297-g0ec75d9ef4 (webtiles) character file.

Game seed: 999402007564094719

86 Mgcat the Digger (level 5, 0/38 HPs)
             Began as a Meteoran Earth Elementalist on Oct 19, 2022.
             Slain by an orc
             ... wielding a +0 flail
              (3 damage)
             ... on level 3 of the Dungeon.
             The game lasted 00:02:07 (1094 turns).

Mgcat the Digger (Meteoran Earth Elementalist)      Turns: 1094, Time: 00:02:08

Health: 0/38       AC:  2    Str:  4    XL:     5   Next: 7%
Magic:  5/11       EV: 12    Int: 19    God:
Gold:   131        SH:  0    Dex: 14    Spells: 10/11 levels left

rFire   . . .      SeeInvis .    i - +1 rapier (speed)
rCold   . . .      Faith    .    (no shield)
rNeg    + . .      Spirit   .    a - +0 robe
rPois   .          Reflect  .    (no helmet)
rElec   .          Harm     .    (no cloak)
rCorr   +          Rampage  .    (no gloves)
Will    .....                    (no boots)
Stlth   +.........               (no amulet)
HPRegen 0.26/turn                m - ring of Porays {Wiz rN+ rCorr Str-5}
MPRegen 0.12/turn                (no ring)

@: glowing
A: sense surroundings 1, otherworldly, glowing, explore regen
a: no special abilities


You were on level 3 of the Dungeon.
You visited 1 branch of the dungeon, and saw 3 of its levels.

You collected 131 gold pieces.

Inventory:

Hand Weapons
 c - a +0 short sword
   (You took it off a kobold on level 1 of the Dungeon)
 i - a +1 rapier of speed (weapon)
   (You found it on level 2 of the Dungeon)
Armour
 a - a +0 robe (worn)
 j - a +0 helmet
   (You took it off Robin on level 2 of the Dungeon)
Magical Staves
 l - a staff of cold {rC+}
   (You found it on level 2 of the Dungeon)
Jewellery
 m - the ring of Porays (left hand) {Wiz rN+ rCorr Str-5}
   (You found it on level 2 of the Dungeon)

   [ring of wizardry]

   It improves your spell success rate.
   Str:       It affects your strength (-5).
   rN:        It protects you from negative energy.
   rCorr:     It protects you from acid and corrosion.
Scrolls
 d - 4 scrolls of identify {unknown}
 f - 2 scrolls of teleportation {unknown}
 h - a scroll of summoning {unknown}
 k - 2 scrolls of fog {unknown}
 n - a scroll of enchant armour {unknown}
Potions
 b - 2 potions of magic
 e - a potion of attraction {unknown}
 g - 2 potions of might {unknown}
 o - a potion of heal wounds {unknown}


   Skills:
 - Level 2.4 Dodging
 + Level 2.4 Stealth
 + Level 3.9 Spellcasting
 - Level 1.2 Transmutations
 + Level 4.6 Earth Magic


You had 10 spell levels left.
You knew the following spells:

 Your Spells              Type           Power      Damage    Failure   Level
a - Sandblast             Erth           42%        2d11      1%          1

Your spell library contained the following spells:

 Spells                   Type           Power      Damage    Failure   Level
 Passwall                 Tmut/Erth      11%        N/A       2%          2
 Stone Arrow              Conj/Erth      24%        3d8       6%          3
 Petrify                  Tmut/Erth      14%        N/A       16%         4
 Summon Ice Beast         Ice/Summ       3%         N/A       45%         4
 Summon Mana Viper        Hex/Summ       3%         N/A       80%         5
 Monstrous Menagerie      Summ           1%         N/A       100%        7


Dungeon Overview and Level Annotations

Branches:
Dungeon (3/15) Zot: 673

Altars:


Innate Abilities, Weirdness & Mutations

You passively map a small area around you.
You are easily found by Zot.
You glow in the dark.
You regain HP and MP as you explore.


Message History

The blast of sand hits the orc.
The orc is almost dead.
The quokka bites you but does no damage.
The orc hits you with a +0 mace. The goblin hits you but does no damage.
You take 4 damage, and have 29/38 hp.
You now have 9/11 mp.
Casting: Sandblast (safe; 1% risk of failure)
Confirm with . or Enter, or press ? or * to list all spells.
Aiming: Sandblast (safe; 1% risk of failure)
Press: ? - help, Shift-Dir - straight line, f/p - orc
Aim: an orc, wielding a +0 mace (almost dead, 83% to hit)
The blast of sand hits the orc!
You kill the orc!
The quokka barely misses you.
The quokka bites you but does no damage.
The hobgoblin hits you but does no damage.
The orc hits you with a +0 flail. The goblin hits you with a +0 club.
You take 6 damage, and have 23/38 hp.
You now have 8/11 mp.
Casting: Sandblast (safe; 1% risk of failure)
Confirm with . or Enter, or press ? or * to list all spells.
Aiming: Sandblast (safe; 1% risk of failure)
Press: ? - help, Shift-Dir - straight line, f - orc
Aim: an orc, wielding a +0 flail, wearing a +0 ring mail and quivering silver boomerangs (85% to hit)
The blast of sand hits the orc but does no damage.
The quokka barely misses you. The rat bites you. The orc closely misses you.
The goblin closely misses you.
The hobgoblin hits you but does no damage.
The quokka bites you.
You take 2 damage, and have 21/38 hp.
The orc attacks as you move away! The orc hits you with a +0 flail.
The rat bites you but does no damage.
You take 4 damage, and have 17/38 hp.
The rat attacks as you move away! The rat misses you.
The quokka attacks as you move away! The quokka bites you. x2
Things that are here:
a +0 hand axe; an orc corpse You take 3 damage, and have 15/38 hp.
The rat bites you.
You take 3 damage, and have 12/38 hp.
The goblin hits you with a +0 club.
* * * LOW HITPOINT WARNING * * *
You take 1 damage, and have 11/38 hp.
The rat attacks as you move away! The rat closely misses you.
You regained 2 hp, and now have 13/38 hp.
The quokka attacks as you move away!
The quokka bites you but does no damage. x2
Casting: Sandblast (safe; 1% risk of failure)
Confirm with . or Enter, or press ? or * to list all spells.
Aiming: Sandblast (safe; 1% risk of failure)
Press: ? - help, Shift-Dir - straight line, f/p - orc
Aim: an orc, wielding a +0 flail, wearing a +0 ring mail and quivering silver boomerangs (85% to hit)
The blast of sand hits the quokka.
The quokka is heavily wounded.
The quokka bites you but does no damage.
You now have 9/11 mp.
Casting: Sandblast (safe; 1% risk of failure)
Confirm with . or Enter, or press ? or * to list all spells.
Aiming: Sandblast (safe; 1% risk of failure)
Press: ? - help, Shift-Dir - straight line, f/p - orc
Aim: an orc, wielding a +0 flail, wearing a +0 ring mail and quivering silver boomerangs (85% to hit)
The blast of sand hits the quokka!
You kill the quokka!
The rat twitches its whiskers.
You now have 8/11 mp.
Casting: Sandblast (safe; 1% risk of failure)
Confirm with . or Enter, or press ? or * to list all spells.
Aiming: Sandblast (safe; 1% risk of failure)
Press: ? - help, Shift-Dir - straight line, f/p - orc
Aim: an orc, wielding a +0 flail, wearing a +0 ring mail and quivering silver boomerangs (85% to hit)
The blast of sand hits the rat!
You kill the rat!
The goblin hits you with a +0 club.
You take 2 damage, and have 13/38 hp.
You now have 7/11 mp.
Casting: Sandblast (safe; 1% risk of failure)
Confirm with . or Enter, or press ? or * to list all spells.
Aiming: Sandblast (safe; 1% risk of failure)
Press: ? - help, Shift-Dir - straight line, f/p - orc
Aim: an orc, wielding a +0 flail, wearing a +0 ring mail and quivering silver boomerangs (85% to hit)
The blast of sand misses the goblin.
The blast of sand hits the orc.
The orc is lightly wounded.
The goblin hits you with a +0 club.
You take 1 damage, and have 12/38 hp.
You now have 6/11 mp.
Casting: Sandblast (safe; 1% risk of failure)
Confirm with . or Enter, or press ? or * to list all spells.
Aiming: Sandblast (safe; 1% risk of failure)
Press: ? - help, Shift-Dir - straight line, f/p - orc
Aim: an orc, wielding a +0 flail, wearing a +0 ring mail and quivering silver boomerangs (lightly wounded, 85% to hit)
The blast of sand hits the goblin!
You kill the goblin!
The orc hits you with a +0 flail!
* * * LOW HITPOINT WARNING * * *
You take 9 damage, and have 3/38 hp.
MASSIVE DAMAGE!!
You now have 5/11 mp.
Casting: Sandblast (safe; 1% risk of failure)
Confirm with . or Enter, or press ? or * to list all spells.
Aiming: Sandblast (safe; 1% risk of failure)
Press: ? - help, Shift-Dir - straight line, f/p - orc
Aim: an orc, wielding a +0 flail, wearing a +0 ring mail and quivering silver boomerangs (lightly wounded, 85% to hit)
The blast of sand hits the orc.
The orc is almost dead.
The orc hits you with a +0 flail.
You die...

*....$.####..,,, *
......,.... ,, * **
#....##.. , ,*
,#####......#* **
...........###
......)......# *
......$#.....# ,
...$...#.....#####.#.#
.......+..)..go@.....#
?......#.....#####.###
!......###...#####+####
,....... #...##.......#
.......###...##.......#
###..........'.......+
.......#######.......###*
.......# #..............
......# #.##........###


You could see an orc and a hobgoblin.

Vanquished Creatures
  Natasha (D:2)
  Robin (D:2)
  2 orcs (D:3)
  A ball python (D:2)
  2 endoplasms (D:1)
  3 giant cockroaches
  5 hobgoblins
  A jackal (D:3)
  2 kobolds (D:1)
  A quokka (D:3)
  7 bats
  6 frilled lizards
  11 goblins
  3 rats
46 creatures vanquished.

Notes
Turn   | Place    | Note
-------+----------+-------------------------------------------
     0 | D:1      | Mgcat the Meteoran Earth Elementalist began the quest for
                  | the Orb.
     0 | D:1      | Reached XP level 1. HP: 14/14 MP: 5/5
   132 | D:1      | Reached XP level 2. HP: 20/20 MP: 4/6
   134 | D:1      | Reached skill level 3 in Spellcasting
   326 | D:1      | Reached skill level 4 in Earth Magic
   328 | D:1      | Reached XP level 3. HP: 25/26 MP: 5/8
   488 | D:1      | Glimpsed the power of Zot.
   630 | D:2      | Noticed Robin
   639 | D:2      | Reached skill level 2 in Stealth
   709 | D:2      | Killed Robin
   710 | D:2      | Reached XP level 4. HP: 28/33 MP: 2/10
   780 | D:2      | Noticed Natasha
   782 | D:2      | Killed Natasha
   909 | D:2      | Identified the ring of Porays {Wiz rN+ rCorr Str-5}
  1071 | D:3      | Reached XP level 5. HP: 28/38 MP: 6/11
  1093 | D:3      | HP: 3/38 [orc/+0 flail (9)]
  1094 | D:3      | Slain by an orc

Illustrated notes

Levels and vault maps discovered:
D:1:      psy_arrival_conway, layout_basic, minmay_hexomino_f4
D:2:      layout_loops_ring, basic_altar, minmay_hedge_maze,
          serial_park_tiny_pond, corexii_leaking_fountain,
          kennysheep_flooded_box, hangedman_decor_points, uniq_natasha,
          uniq_robin
D:3:      layout_basic, nicolae_overflow_crystal_walls

Skill      XL: |  1  2  3 |
---------------+----------+-----
Spellcasting   | 3 |  3.9
Earth Magic    | 4 |  4.6
Stealth        | 2 |  2.4
Dodging        | |  2.4
Transmutations | |  1.2

Action                   |  1- 3 |  4- 6 || total
-------------------------+-------+-------++-------
Melee: Rapier            |     1 |    12 ||    13
 Cast: Sandblast         |    37 |    29 ||    66
Armor: Robe              |     2 |    10 ||    12
Dodge: Dodged            |    14 |    15 ||    29

Table legend: (Time is in decaauts)
 A = Elapsed time spent in this place.
 B = Non-inter-level travel time spent in this place.
 C = Inter-level travel time spent in this place.
 D = Time resting spent in this place.
 E = Time spent auto-exploring this place.
 F = Levels seen in this place.
 G = Mean time per level.
                   A        B        C        D        E       F      G
               +--------+--------+--------+--------+--------+-----+--------+
         Total |   1124 |    985 |    139 |      0 |    748 |   3 |  374.7 |
       Dungeon |   1124 |    985 |    139 |      0 |    748 |   3 |  374.7 |
               +--------+--------+--------+--------+--------+-----+--------+

Top non-repeatable levels by time:
     D:1: 574 daAuts
     D:2: 444 daAuts
     D:3: 105 daAuts

Table legend:
 A = Kills in this place as a percentage of kills in entire the game.
 B = Kills by you in this place as a percentage of kills by you in the entire game.
 C = Kills by friends in this place as a percentage of kills by friends in the entire game.
 D = Other kills in this place as a percentage of other kills in the entire game.
 E = Experience gained in this place as a percentage of experience gained in the entire game.
 F = Experience gained in this place divided by the number of levels of this place that you have seen.
                   A       B       C       D       E      F
               +-------+-------+-------+-------+-------+----------------------
         Total | 100.0 | 100.0 |   N/A |   N/A | 100.0 |  41.3
       Dungeon | 100.0 | 100.0 |   N/A |   N/A | 100.0 |  41.3
               +-------+-------+-------+-------+-------+----------------------
